SAA
SAN BERNARDINO GRASSHOPPERS @ PHOENIX HOTSPUR YOUTH
07/14/2034
 
TOP OF THE 1ST
San Bernardino Grasshoppers batting - Pitching for Phoenix Hotspur Youth : RHP José Correa
Pitching: RHP José Correa
Batting: RHB Jim MacRach 0-0: Fly out, F8 (Flyball, 8RM)
Batting: RHB John Clark 0-0: Ball
1-0: Foul Ball, location: 2F
1-1: DOUBLE (Flyball, 8LXD)
Batting: LHB Jesús Hernández 0-0: Swinging Strike
0-1: Ball
1-1: Called Strike
1-2: Foul Ball, location: 2F
1-2: Foul Ball, location: 2F
1-2: Strikes out looking
Batting: RHB Kristoffer Melin 0-0: Ball
1-0: Ball
2-0: SINGLE (Groundball, 6D)
John Clark to third
Runner from 3rd tries for Home, SAFE, no throw
Batting: RHB Howard Lee 0-0: Ball
1-0: Fly out, F9 (Line Drive, 9D)
Top of the 1st over - 1 run, 2 hits, 0 errors, 1 left on base; San Bernardino 1 - Phoenix Hotspur 0
BOTTOM OF THE 1ST
Phoenix Hotspur Youth batting - Pitching for San Bernardino Grasshoppers : LHP Gertjan van Hulst
Pitching: LHP Gertjan van Hulst
Batting: RHB Alberto Ramírez 0-0: Bunted foul
0-1: Fly out, F3 (Line Drive, 3)
Batting: LHB Carlos Rodríguez 0-0: Called Strike
0-1: Called Strike
0-2: Ball
1-2: Ball
2-2: Strikes out swinging
Batting: RHB Greg Billingsley 0-0: Foul Ball, location: 2F
0-1: Ball
1-1: Swinging Strike
1-2: Ball
2-2: Strikes out swinging
Bottom of the 1st over - 0 runs, 0 hits, 0 errors, 0 left on base; San Bernardino 1 - Phoenix Hotspur 0
TOP OF THE 2ND
San Bernardino Grasshoppers batting - Pitching for Phoenix Hotspur Youth : RHP José Correa
Batting: RHB Lawrence Stokes 0-0: Called Strike
0-1: Swinging Strike
0-2: Foul Ball, location: 2F
0-2: Foul Ball, location: 2F
0-2: Ball
1-2: DOUBLE (Line Drive, 78XD)
Batting: RHB Reinaart Manshert 0-0: Ball
1-0: Called Strike
1-1: Foul Ball, location: 2F
1-2: Strikes out looking
Batting: RHB Andy Alderliesten 0-0: Foul Ball, location: 2F
0-1: Swinging Strike
0-2: Ball
1-2: Ball
2-2: Foul Ball, location: 2F
2-2: Ball
3-2: Ground out 5-3 (Groundball, 5)
Batting: RHB Elijah Seymour 0-0: Called Strike
0-1: Ball
1-1: Foul Ball, location: 2F
1-2: Ball
2-2: Foul Ball, location: 2F
2-2: Ground out 1-3 (Groundball, 15S)
Top of the 2nd over - 0 runs, 1 hit, 0 errors, 1 left on base; San Bernardino 1 - Phoenix Hotspur 0
BOTTOM OF THE 2ND
Phoenix Hotspur Youth batting - Pitching for San Bernardino Grasshoppers : LHP Gertjan van Hulst
Batting: RHB José Souza 0-0: Called Strike
0-1: Fly out, F9 (Flyball, 89M)
Batting: LHB Phil Mazzeo 0-0: Ball
1-0: Called Strike
1-1: Swinging Strike
1-2: Strikes out swinging
Batting: RHB Myles Brundidge 0-0: Fly out, F7 (Flyball, 7)
Bottom of the 2nd over - 0 runs, 0 hits, 0 errors, 0 left on base; San Bernardino 1 - Phoenix Hotspur 0
TOP OF THE 3RD
San Bernardino Grasshoppers batting - Pitching for Phoenix Hotspur Youth : RHP José Correa
Batting: RHB Jim MacRach 0-0: Ball
1-0: Ball
2-0: Ball
3-0: Called Strike
3-1: Called Strike
3-2: Base on Balls
Batting: RHB John Clark 0-0: Ball
1-0: Ball
2-0: Foul Ball, location: 2F
2-1: Ball
3-1: Called Strike
3-2: SINGLE (Line Drive, 8RS)
Jim MacRach to second
Batting: LHB Jesús Hernández 0-0: Called Strike
0-1: Foul Ball, location: 2F
0-2: Ball
1-2: Fly out, F2 (Popup, 2L)
Batting: RHB Kristoffer Melin 0-0: Called Strike
0-1: Foul Ball, location: 2F
0-2: Ball
1-2: Grounds into double play, 4-6-3 (Groundball, 4)
Top of the 3rd over - 0 runs, 1 hit, 0 errors, 1 left on base; San Bernardino 1 - Phoenix Hotspur 0
BOTTOM OF THE 3RD
Phoenix Hotspur Youth batting - Pitching for San Bernardino Grasshoppers : LHP Gertjan van Hulst
Batting: RHB Bill Poole 0-0: Swinging Strike
0-1: Ball
1-1: Called Strike
1-2: Strikes out looking
Batting: RHB Francisco Arriagada 0-0: Called Strike
0-1: SINGLE (Groundball, 6MS) (infield hit)
Batting: LHB Damian Alldred 0-0: Ball
1-0: Called Strike
1-1: Called Strike
1-2: SINGLE (Flyball, 7S)
Francisco Arriagada to second
Batting: RHB Alberto Ramírez 0-0: Ball
1-0: Called Strike
1-1: Foul Ball, location: 2F
1-2: Strikes out swinging
Batting: LHB Carlos Rodríguez 0-0: Ball
1-0: Ground out 4-3 (Groundball, 4)
Bottom of the 3rd over - 0 runs, 2 hits, 0 errors, 2 left on base; San Bernardino 1 - Phoenix Hotspur 0
TOP OF THE 4TH
San Bernardino Grasshoppers batting - Pitching for Phoenix Hotspur Youth : RHP José Correa
Batting: RHB Howard Lee 0-0: SINGLE (Groundball, 56S) (infield hit)
Batting: RHB Lawrence Stokes 0-0: Ball
1-0: Called Strike
1-1: Ground out 5-3 (Groundball, 56S)
Howard Lee to second
Batting: RHB Reinaart Manshert 0-0: Ball
1-0: SINGLE (Groundball, 56D)
Howard Lee to third
Runner from 3rd tries for Home, SAFE, throw made home
Batting: RHB Andy Alderliesten 0-0: DOUBLE (Line Drive, 78D)
Reinaart Manshert to third
Batting: RHB Elijah Seymour 0-0: Ball
1-0: Ground out U3 (Groundball, 3)
Batting: RHB Jim MacRach 0-0: Swinging Strike
0-1: Ball
1-1: Ball
2-1: Called Strike
2-2: Ball
3-2: Base on Balls
Pitching: LHP Cameron Roberts
Batting: RHB John Clark 0-0: Foul Ball, location: 2F
0-1: Swinging Strike
0-2: Ball
1-2: Foul Ball, location: 2F
1-2: Ball
Wild Pitch!
Reinaart Manshert scores
Andy Alderliesten to third
Jim MacRach to second
2-2: Foul Ball, location: 2F
2-2: Strikes out swinging
Top of the 4th over - 2 runs, 3 hits, 0 errors, 2 left on base; San Bernardino 3 - Phoenix Hotspur 0
BOTTOM OF THE 4TH
Phoenix Hotspur Youth batting - Pitching for San Bernardino Grasshoppers : LHP Gertjan van Hulst
Batting: RHB Greg Billingsley 0-0: Ball
1-0: Called Strike
1-1: Foul Ball, location: 2F
1-2: Foul Ball, location: 2F
1-2: Foul Ball, location: 2F
1-2: Ball
2-2: Foul Ball, location: 2F
2-2: Foul Ball, location: 2F
2-2: SINGLE (Groundball, 6MD)
Batting: RHB José Souza 0-0: Called Strike
0-1: Ball
1-1: Ball
2-1: Called Strike
2-2: Ball
3-2: Foul Ball, location: 2F
3-2: Strikes out swinging
Batting: LHB Phil Mazzeo 0-0: Called Strike
0-1: Swinging Strike
0-2: Foul Ball, location: 2F
0-2: Ball
1-2: Ball
2-2: Strikes out looking
Batting: RHB Myles Brundidge 0-0: Ball
1-0: Fielders Choice at 2nd, 6-4 (Groundball, 6)
Bottom of the 4th over - 0 runs, 1 hit, 0 errors, 1 left on base; San Bernardino 3 - Phoenix Hotspur 0
TOP OF THE 5TH
San Bernardino Grasshoppers batting - Pitching for Phoenix Hotspur Youth : LHP Cameron Roberts
Batting: LHB Jesús Hernández 0-0: Called Strike
0-1: Ball
1-1: Foul Ball, location: 2F
1-2: Strikes out swinging
Batting: RHB Kristoffer Melin 0-0: TRIPLE (Line Drive, 89XD)
Batting: RHB Howard Lee 0-0: Ball
1-0: Called Strike
1-1: Ball
2-1: Ball
3-1: Foul Ball, location: 2F
3-2: Foul Ball, location: 2F
3-2: Base on Balls
Batting: RHB Lawrence Stokes 0-0: Foul Ball, location: 2F
0-1: Swinging Strike
0-2: Ball
1-2: Foul Ball, location: 2F
1-2: Ball
2-2: Ball
3-2: Fly out, F8 (Flyball, 8RD)
Runner from 3rd tags up, SCORES, throw made
Batting: RHB Reinaart Manshert 0-0: Swinging Strike
0-1: Ball
1-1: Ball
2-1: Foul Ball, location: 2F
2-2: SINGLE (Groundball, 6D)
Howard Lee to second
Batting: RHB Andy Alderliesten 0-0: Called Strike
0-1: Foul Ball, location: 2F
0-2: Ball
1-2: Ground out 1-3 (Groundball, P)
Top of the 5th over - 1 run, 2 hits, 0 errors, 2 left on base; San Bernardino 4 - Phoenix Hotspur 0
BOTTOM OF THE 5TH
Phoenix Hotspur Youth batting - Pitching for San Bernardino Grasshoppers : LHP Gertjan van Hulst
Batting: RHB Bill Poole 0-0: Ball
1-0: Ball
2-0: Called Strike
2-1: SINGLE (Line Drive, 9LS)
Batting: RHB Francisco Arriagada 0-0: Ball
1-0: Ball
2-0: Foul Ball, location: 2F
2-1: Foul Ball, location: 2F
2-2: Fly out, F8 (Flyball, 78D)
Batting: LHB Damian Alldred 0-0: Grounds into double play, 4-6-3 (Groundball, 4)
Bottom of the 5th over - 0 runs, 1 hit, 0 errors, 0 left on base; San Bernardino 4 - Phoenix Hotspur 0
TOP OF THE 6TH
San Bernardino Grasshoppers batting - Pitching for Phoenix Hotspur Youth : LHP Cameron Roberts
Batting: RHB Elijah Seymour 0-0: Called Strike
0-1: Foul Ball, location: 2F
0-2: Ball
1-2: Foul Ball, location: 2F
1-2: Reached on error, E6 (Groundball, 6)
Batting: RHB Jim MacRach 0-0: Called Strike
0-1: Swinging Strike
0-2: Ball
1-2: Strikes out swinging
Batting: RHB John Clark 0-0: Ball
1-0: SINGLE (Groundball, 6MD)
Elijah Seymour to second
Batting: LHB Jesús Hernández 0-0: Foul Ball, location: 2F
0-1: Ball
1-1: SINGLE (Flyball, 7LS)
Elijah Seymour to third
John Clark to second
Batting: RHB Kristoffer Melin 0-0: Ball
1-0: SINGLE (Line Drive, 78S)
Elijah Seymour scores
John Clark to third
Jesús Hernández to second
Batting: RHB Howard Lee 0-0: Called Strike
0-1: SINGLE (Flyball, 78S)
John Clark scores
Jesús Hernández to third
Kristoffer Melin to second
Runner from 3rd tries for Home, throw and OUT!
Batting: RHB Lawrence Stokes 0-0: SINGLE (Line Drive, 6MD)
Kristoffer Melin to third
Howard Lee to second
Runner from 3rd tries for Home, SAFE, no throw
Batting: RHB Reinaart Manshert 0-0: Foul Ball, location: 2F
0-1: Ball
1-1: Ball
2-1: Ball
3-1: Called Strike
3-2: Ground out 6-3 (Groundball, 6)
Top of the 6th over - 3 runs, 5 hits, 1 error, 2 left on base; San Bernardino 7 - Phoenix Hotspur 0
BOTTOM OF THE 6TH
Phoenix Hotspur Youth batting - Pitching for San Bernardino Grasshoppers : LHP Gertjan van Hulst
Batting: RHB Alberto Ramírez 0-0: Ball
1-0: Ground out U3 (Groundball, 3)
Batting: LHB Carlos Rodríguez 0-0: Ground out 5-3 (Groundball, 5)
Batting: RHB Greg Billingsley 0-0: Foul Ball, location: 2F
0-1: Called Strike
0-2: Fly out, F4 (Popup, 4S)
Bottom of the 6th over - 0 runs, 0 hits, 0 errors, 0 left on base; San Bernardino 7 - Phoenix Hotspur 0
TOP OF THE 7TH
San Bernardino Grasshoppers batting - Pitching for Phoenix Hotspur Youth : LHP Cameron Roberts
Batting: RHB Andy Alderliesten 0-0: Ball
1-0: Called Strike
1-1: Fly out, F8 (Flyball, 8RD)
Batting: RHB Elijah Seymour 0-0: Ground out 6-3 (Groundball, 6M)
Batting: RHB Jim MacRach 0-0: Called Strike
0-1: Fly out, F9 (Flyball, 9LM)
Top of the 7th over - 0 runs, 0 hits, 0 errors, 0 left on base; San Bernardino 7 - Phoenix Hotspur 0
BOTTOM OF THE 7TH
Phoenix Hotspur Youth batting - Pitching for San Bernardino Grasshoppers : LHP Gertjan van Hulst
Batting: RHB José Souza 0-0: Foul Ball, location: 2F
0-1: Ball
1-1: SOLO HOME RUN (Flyball, 7LD), Distance : 365 ft
Batting: LHB Phil Mazzeo 0-0: Ball
1-0: Ball
2-0: Ball
3-0: Called Strike
3-1: Base on Balls
Batting: RHB Myles Brundidge 0-0: Ball
1-0: Called Strike
1-1: Ball
2-1: SINGLE (Line Drive, 7LS)
Phil Mazzeo to second
Batting: RHB Bill Poole 0-0: Ball
1-0: Called Strike
1-1: Foul Ball, location: 2F
1-2: Ball
2-2: Fly out, F6 (Line Drive, 6)
Batting: RHB Francisco Arriagada 0-0: Ball
1-0: Ball
Phil Mazzeo steals 3rd base
2-0: Ball
3-0: Called Strike
3-1: Fly out, F8 (Flyball, 8RD)
Runner from 3rd tags up, SCORES, no throw
Batting: LHB Damian Alldred 0-0: Called Strike
0-1: Ball
1-1: Foul Ball, location: 2F
1-2: Foul Ball, location: 2F
1-2: Ball
2-2: Foul Ball, location: 2F
2-2: Fielders Choice at 2nd, 5-4 (Groundball, 56)
Bottom of the 7th over - 2 runs, 2 hits, 0 errors, 1 left on base; San Bernardino 7 - Phoenix Hotspur 2
TOP OF THE 8TH
San Bernardino Grasshoppers batting - Pitching for Phoenix Hotspur Youth : LHP Cameron Roberts
Batting: RHB John Clark 0-0: Ball
1-0: Called Strike
1-1: Ball
2-1: Ground out 4-3 (Groundball, 4M)
Batting: LHB Jesús Hernández 0-0: Foul Ball, location: 2F
0-1: Called Strike
0-2: Strikes out looking
Batting: RHB Kristoffer Melin 0-0: Ball
1-0: Foul Ball, location: 2F
1-1: Ball
2-1: Called Strike
2-2: Strikes out looking
Top of the 8th over - 0 runs, 0 hits, 0 errors, 0 left on base; San Bernardino 7 - Phoenix Hotspur 2
BOTTOM OF THE 8TH
Phoenix Hotspur Youth batting - Pitching for San Bernardino Grasshoppers : LHP Gertjan van Hulst
Pitching: RHP Dane Bramble
Batting: RHB Alberto Ramírez 0-0: Ball
1-0: Ball
2-0: Ball
3-0: Base on Balls
Batting: LHB Carlos Rodríguez 0-0: Called Strike
0-1: Foul Ball, location: 2F
0-2: SINGLE (Line Drive, 8RS)
Alberto Ramírez to second
Batting: RHB Greg Billingsley 0-0: Ball
1-0: Foul Ball, location: 2F
1-1: Called Strike
1-2: Ball
2-2: Grounds into double play, 6-4-3 (Groundball, 6)
Alberto Ramírez to third
Batting: RHB José Souza 0-0: Ball
1-0: Ball
2-0: Called Strike
2-1: Foul Ball, location: 2F
2-2: Ball
3-2: Fly out, F3 (Flyball, 3D)
Bottom of the 8th over - 0 runs, 1 hit, 0 errors, 1 left on base; San Bernardino 7 - Phoenix Hotspur 2
TOP OF THE 9TH
San Bernardino Grasshoppers batting - Pitching for Phoenix Hotspur Youth : LHP Cameron Roberts
Batting: RHB Howard Lee 0-0: Ball
1-0: Ball
2-0: Called Strike
2-1: Foul Ball, location: 2F
2-2: SINGLE (Groundball, 6MD)
Batting: RHB Lawrence Stokes 0-0: Called Strike
0-1: Ball
1-1: SINGLE (Line Drive, 56)
Howard Lee to second
Batting: RHB Reinaart Manshert 0-0: Fly out, F8 (Flyball, 8LM)
Batting: RHB Andy Alderliesten 0-0: Ball
1-0: Ball
2-0: Ball
3-0: Base on Balls
Howard Lee to third
Lawrence Stokes to second
Batting: RHB Elijah Seymour 0-0: Ball
1-0: Ball
2-0: Ball
3-0: Base on Balls
Howard Lee scores
Lawrence Stokes to third
Andy Alderliesten to second
Pitching: RHP Coy Mitoglou
Batting: RHB Jim MacRach 0-0: Ball
1-0: Ground out 5-3 (Groundball, 56S)
Lawrence Stokes scores
Andy Alderliesten to third
Elijah Seymour to second
Batting: RHB John Clark 0-0: Foul Ball, location: 2F
0-1: Fly out, F8 (Flyball, 8RM)
Top of the 9th over - 2 runs, 2 hits, 0 errors, 2 left on base; San Bernardino 9 - Phoenix Hotspur 2
BOTTOM OF THE 9TH
Phoenix Hotspur Youth batting - Pitching for San Bernardino Grasshoppers : RHP Dane Bramble
Batting: LHB Phil Mazzeo 0-0: Foul Ball, location: 2F
0-1: Ground out 1-3 (Groundball, 15)
Batting: RHB Myles Brundidge 0-0: Called Strike
0-1: Swinging Strike
0-2: Ball
1-2: Fly out, F8 (Flyball, 8LM)
Batting: RHB Bill Poole 0-0: Called Strike
0-1: Ground out 4-3 (Groundball, 4)
Bottom of the 9th over - 0 runs, 0 hits, 0 errors, 0 left on base; San Bernardino 9 - Phoenix Hotspur 2
Friday, March 29th, 2019 - OOTP Baseball 18.8 Build 76